 Dungeon Crawl Stone Soup version 0.30-a0-824-g6c64550be9 (webtiles) character file.

Game seed: 8127815091158940796

107 Nacht the Sneak (level 4, -2/36 HPs)
             Began as a Naga Earth Elementalist on Feb 27, 2023.
             Slain by an iguana (11 damage)
             ... on level 4 of the Dungeon.
             The game lasted 00:02:34 (2197 turns).

Nacht the Sneak (Naga Earth Elementalist)           Turns: 2197, Time: 00:02:35

Health: -2/36      AC:  2    Str: 16    XL:     4   Next: 86%
Magic:  4/7        EV:  9    Int: 18    God:
Gold:   189        SH:  0    Dex: 11    Spells: 6/7 levels left

rFire   . . .      SeeInvis +    n - +0 mace
rCold   . . .      Faith    .    (no shield)
rNeg    . . .      Spirit   .    d - +0 leather armour
rPois   +          Reflect  .    (no helmet)
rElec   .          Harm     .    (no cloak)
rCorr   .          Rampage  .    (no gloves)
Will    .....                    (no barding)
Stlth   ++                       h - amulet of magic regeneration
HPRegen 0.26/turn                a - +6 ring of strength
MPRegen 0.50/turn                (no ring)

@: very slightly contaminated, very slow
A: AC +1, large, see invisible, deformed body, poison resistance, slowness 2,
spit poison 1, naga tail 1
a: Spit Poison


You were on level 4 of the Dungeon.
You visited 1 branch of the dungeon, and saw 4 of its levels.

You collected 189 gold pieces.

Inventory:

Hand Weapons
 n - a +0 mace (weapon)
Armour
 d - a +0 leather armour (worn)
Jewellery
 a - a +6 ring of strength (left hand)
 h - an amulet of magic regeneration (around neck)
 l - a +5 ring of evasion
Wands
 p - a wand of charming (14)
Scrolls
 f - 4 scrolls of identify {unknown}
 g - 2 scrolls of blinking {unknown}
 i - a scroll of vulnerability {unknown}
 j - a scroll of amnesia {unknown}
 m - a scroll of enchant armour {unknown}
 o - a scroll of fog {unknown}
 q - a scroll of enchant weapon {unknown}
Potions
 b - a potion of magic
 c - 2 potions of mutation {unknown}
 e - a potion of curing {unknown}
 k - a potion of might {unknown}


   Skills:
 - Level 1.5 Dodging
 + Level 5.0 Stealth
 - Level 2.0 Spellcasting
 - Level 1.0 Transmutations
 * Level 4.7 Earth Magic


You had 6 spell levels left.
You knew the following spells:

 Your Spells              Type           Power      Damage    Failure   Level
a - Sandblast             Erth           36%        2d10      3%          1

Your spell library contained the following spells:

 Spells                   Type           Power      Damage    Failure   Level
 Passwall                 Tmut/Erth      10%        N/A       11%         2
 Stone Arrow              Conj/Erth      20%        3d8       26%         3
 Petrify                  Tmut/Erth      12%        N/A       56%         4


Dungeon Overview and Level Annotations

Branches:
Dungeon (4/15)
 Temple: D:4-7

Altars:

Annotations:
D:3 1 runed translucent door, Crazy Yiuf


Innate Abilities, Weirdness & Mutations

Your serpentine skin is tough. (AC +1)
You have supernaturally acute eyesight. (SInv)
Armour fits poorly on your strangely shaped body.
Your system is resistant to poisons. (rPois)
You cover ground very slowly.
You can spit poison.
You have a snake-like lower body.


Message History

Aiming: Sandblast (safe; 3% risk of failure)
Press: ? - help, Shift-Dir - straight line, f/p - iguana
Aim: an iguana (heavily wounded, 84% to hit)
You miscast Sandblast.
You are very lightly contaminated with residual magic.
Nothing appears to happen.
The iguana bites you!
* * * LOW HITPOINT WARNING * * *
The jackal bites you.
* * * LOW HITPOINT WARNING * * *
Casting: Sandblast (safe; 3% risk of failure)
Confirm with . or Enter, or press ? or * to list all spells.
Aiming: Sandblast (safe; 3% risk of failure)
Press: ? - help, Shift-Dir - straight line, f/p - iguana
Aim: an iguana (heavily wounded, 84% to hit)
Okay, then.
The jackal barely misses you.
Casting: Sandblast (safe; 3% risk of failure)
Confirm with . or Enter, or press ? or * to list all spells.
Aiming: Sandblast (safe; 3% risk of failure)
Press: ? - help, Shift-Dir - straight line, f/p - iguana
Aim: an iguana (heavily wounded, 84% to hit)
You miscast Sandblast.
Nothing appears to happen.
The jackal closely misses you. The jackal barely misses you.
Casting: Sandblast (safe; 3% risk of failure)
Confirm with . or Enter, or press ? or * to list all spells.
Aiming: Sandblast (safe; 3% risk of failure)
Press: ? - help, Shift-Dir - straight line, f - jackal, p - iguana
Aim: a jackal (77% to hit)
The blast of sand hits the jackal!
You kill the jackal!
Your Stealth skill increases to level 5!
Casting: Sandblast (safe; 3% risk of failure)
Confirm with . or Enter, or press ? or * to list all spells.
Aiming: Sandblast (safe; 3% risk of failure)
Press: ? - help, Shift-Dir - straight line, f - iguana
Aim: an iguana (heavily wounded, 84% to hit)
The blast of sand hits the iguana but does no damage.
The iguana is heavily wounded.
The iguana bites you!
You die...

... ..# ..< >.#
.... ..## .... ...
#..###.. .....
#..# #..## #l##
...... ##@##
......# #..####
#.# ..# ##.....#
#.# #.#
#..###..... ..#
#.### ##.## #...
..### #...####.##
..
....###.........#
..........#...#.#
.#.....####..###.#


You could see an iguana.

Vanquished Creatures
  A gnoll (D:2)
  4 adders
  4 orcs (D:3)
  5 endoplasms
  3 giant cockroaches
  7 goblins
  4 hobgoblins
  4 jackals (D:4)
  4 kobolds
  4 quokkas
  3 ball pythons
  5 frilled lizards
  5 rats
53 creatures vanquished.

Vanquished Creatures (others)
  8 plants (D:3)
8 creatures vanquished.

Grand Total: 61 creatures vanquished

Notes
Turn   | Place    | Note
-------+----------+-------------------------------------------
     0 | D:1      | Nacht the Naga Earth Elementalist began the quest for the
                  | Orb.
     0 | D:1      | Reached XP level 1. HP: 15/15 MP: 3/3
   210 | D:1      | Reached XP level 2. HP: 22/22 MP: 3/5
   651 | D:1      | You fall into a shaft and drop 1 floor!
   760 | D:2      | Reached XP level 3. HP: 28/28 MP: 3/6
   822 | D:2      | Reached skill level 4 in Stealth
  1221 | D:3      | Reached XP level 4. HP: 36/36 MP: 5/7
  1310 | D:3      | Found a faded altar of an unknown god.
  1481 | D:3      | Found a runed translucent door.
  1482 | D:3      | Noticed Crazy Yiuf
  2197 | D:4      | Reached skill level 5 in Stealth
  2197 | D:4      | Slain by an iguana

Illustrated notes

Levels and vault maps discovered:
D:1:      dpeg_arrival_pond, layout_basic
D:2:      layout_rooms, minmay_tall_x
D:3:      kennysheep_big_flooded_room, layout_rooms,
          shapermc_ecumenical_altar_venn, chequers_serial_rivers_room_b,
          serial_bayou_lagoon_b, uniq_crazy_yiuf_cottage
D:4:      layout_layer_cave, minmay_temple_entry_trees

Skill      XL: |  1  2  3  4 |
---------------+-------------+-----
Stealth        | 4 5 |  5.0
Earth Magic    | 4 |  4.7
Dodging        | |  1.5
Spellcasting   | |  2.0
Transmutations | |  1.0

Action                     |  1- 3 |  4- 6 || total
---------------------------+-------+-------++-------
  Melee: Unarmed           |     9 |       ||     9
   Cast: Sandblast         |    46 |    32 ||    78
 Armour: Robe              |     2 |       ||     2
         Leather armour    |     4 |     5 ||     9
  Dodge: Dodged            |     8 |    14 ||    22

Table legend: (Time is in decaauts)
 A = Elapsed time spent in this place.
 B = Non-inter-level travel time spent in this place.
 C = Inter-level travel time spent in this place.
 D = Time resting spent in this place.
 E = Time spent auto-exploring this place.
 F = Levels seen in this place.
 G = Mean time per level.
                   A        B        C        D        E       F      G
               +--------+--------+--------+--------+--------+-----+--------+
         Total |   2869 |   2718 |    151 |      0 |   2336 |   4 |  717.2 |
       Dungeon |   2869 |   2718 |    151 |      0 |   2336 |   4 |  717.2 |
               +--------+--------+--------+--------+--------+-----+--------+

Top non-repeatable levels by time:
     D:3: 1148 daAuts
     D:1: 811 daAuts
     D:2: 714 daAuts
     D:4: 194 daAuts
